 Dungeon Crawl Stone Soup version 0.28-a0-1632-g283549b12f (webtiles) character file.

Game seed: 6408059518219694654

110832 Ijustatesigmund the Warrior (level 16, -7/184 HPs)
             Began as a Gargoyle Fighter on Jan 25, 2022.
             Was a Believer of the Shining One.
             Hit by a silver javelin thrown by a merfolk javelineer (13 damage)
             ... on level 2 of the Shoals.
             The game lasted 01:22:24 (32165 turns).

Ijustatesigmund the Warrior (Gargoyle Fighter)     Turns: 32165, Time: 01:22:31

Health: -7/184     AC: 39    Str: 25    XL:     16   Next: 56%
Magic:  27/27      EV:  2    Int: 10    God:    the Shining One [**....]
Gold:   1227       SH: 34    Dex: 13    Spells: 14/15 levels left

rFire   + . .      SeeInvis .   a - +3 flail (protect)
rCold   + . .      Faith    .   c - +2 tower shield {rC+}
rNeg    + + .      Spirit   .   (armour currently unavailable)
rPois   ∞          Reflect  +   (helmet currently unavailable)
rElec   .          Harm     .   (cloak currently unavailable)
rCorr   .          Rampage  .   (gloves currently unavailable)
Will    +....      NoTele   +   (boots currently unavailable)
Stlth   +.........              Z - amulet of Xyluudei {Reflect rF+ Str+2 SH+5}
HPRegen 0.40/turn               m - +4 ring of protection
MPRegen 0.20/turn               I - ring "Jattaoto" {rPois EV+4 Slay+2}

@: divinely shielded, tree-form, under a protective aura, glowing, studying Ice
Magic
A: stationary, stasis, torment immunity, boosted hp, sickness immunity, AC +12,
(big wings), negative energy resistance 1, (electricity resistance), torment
resistance 1, petrification resistance, robust 1, (shaggy fur 1), noise
suppression
a: Renounce Religion, Divine Shield


You were on level 2 of the Shoals.
You worshipped the Shining One.
The Shining One was pleased with you.
You were a tree.
You visited 4 branches of the dungeon, and saw 25 of its levels.
You visited the Abyss 2 times.
You also visited: Trove, Ossuary, Gauntlet and Ice Cave.

You collected 2247 gold pieces.
You spent 1020 gold pieces at shops.

Inventory:

Hand Weapons
 a - a +3 flail of protection (weapon)
 H - a +0 demon whip
Missiles
 Q - 3 throwing nets (quivered)
Armour
 c - a +2 tower shield of cold resistance (worn)
 i - the +3 helmet of the Pink Corner (melded) {rElec Slay+2}
   (You found it in a Gauntlet)

   Slay:      It affects your accuracy & damage with ranged weapons and melee
   (+2).
   rElec:     It insulates you from electricity.
 l - a +1 cloak (melded)
 w - the +1 helmet of Slovenliness {rF+ rC+++ rN+ Dex-2}
   (You found it on level 3 of the Lair of Beasts)

   Dex:       It affects your dexterity (-2).
   rF:        It protects you from fire.
   rC:        It renders you almost immune to cold.
   rN:        It protects you from negative energy.
 E - a +1 pair of boots (melded)
 L - the +3 chain mail of a ziggurat (melded) {+Inv Str+4 Stlth+}
   (You bought it in a shop on level 2 of the Orcish Mines)

   Str:       It affects your strength (+4).
   +Inv:      It lets you turn invisible.
   Stlth:     It makes you more stealthy.
Jewellery
 e - a +6 ring of intelligence
 m - a +4 ring of protection (left branch)
 y - a ring of wizardry
 G - a ring of willpower
 I - the ring "Jattaoto" (right branch) {rPois EV+4 Slay+2}
   (You found it in a Gauntlet)

   [ring of evasion]

   EV:        It affects your evasion (+4).
   Slay:      It affects your accuracy & damage with ranged weapons and melee
   (+2).
   rPois:     It protects you from poison.
 K - an amulet of regeneration
 O - a ring of protection from cold
 S - the ring "Akoim" {Fly rC- rN++ rCorr Str-4 Int+6}
   (You found it in a treasure trove)

   [ring of intelligence]

   Str:       It affects your strength (-4).
   Int:       It affects your intelligence (+6).
   rC:        It makes you vulnerable to cold.
   rN:        It greatly protects you from negative energy.
   Fly:       It grants you flight.
   rCorr:     It protects you from acid and corrosion.
 U - the ring of Elear {rF+ Will+ rCorr MP+9}
   (You found it on level 13 of the Dungeon)

   [ring of willpower]

   rF:        It protects you from fire.
   MP:        It affects your magic capacity (+9).
   rCorr:     It protects you from acid and corrosion.
   Will:      It increases your willpower.
 W - the ring "Lynewn" {rCorr Int+3 Dex+4}
   (You found it in a treasure trove)

   [ring of resist corrosion]

   Int:       It affects your intelligence (+3).
   Dex:       It affects your dexterity (+4).
   rCorr:     It protects you from acid and corrosion.
 X - the ring "Daucas" {*Slow rC+ AC+4 Int+4}
   (You found it in a treasure trove)

   [ring of protection]

   AC:        It affects your AC (+4).
   Int:       It affects your intelligence (+4).
   rC:        It protects you from cold.
   *Slow:     It may slow you when you take damage.
 Y - the ring of the Scarab {rF+ rN++ Dex+4}
   (You found it in a treasure trove)

   [ring of protection from fire]

   Dex:       It affects your dexterity (+4).
   rF:        It protects you from fire.
   rN:        It greatly protects you from negative energy.
 Z - the amulet of Xyluudei (around neck) {Reflect rF+ Str+2 SH+5}
   (You found it in a treasure trove)

   [amulet of reflection]

   It reflects blocked missile attacks.
   Str:       It affects your strength (+2).
   rF:        It protects you from fire.
   SH:        It affects your SH (+5).
Wands
 b - a wand of charming (10)
 d - a wand of digging (12)
 h - a wand of iceblast (12)
 j - a wand of flame (18)
 n - a wand of paralysis (3)
 J - a wand of mindburst (3)
 R - a wand of polymorph (5)
Scrolls
 f - a scroll of magic mapping
 p - 4 scrolls of enchant armour
 q - 5 scrolls of teleportation
 s - 14 scrolls of identify
 u - a scroll of summoning
 v - 2 scrolls of brand weapon
 x - 7 scrolls of immolation
 z - a scroll of amnesia
 B - a scroll of holy word
 D - 2 scrolls of fog
 F - 6 scrolls of enchant weapon
 M - a scroll of silence
 N - a scroll of blinking
Potions
 g - 4 potions of attraction
 k - 6 potions of mutation
 t - 2 potions of lignification
 C - 2 potions of magic
 P - a potion of brilliance


   Skills:
 - Level 17.4 Fighting
 - Level 16.2 Maces & Flails
 - Level 7.9 Armour
 - Level 5.6 Dodging
 + Level 8.9 Shields
 - Level 3.0 Transmutations
 + Level 14.7 Invocations
 - Level 4.5 Evocations


You had 14 spell levels left.
You knew the following spells:

 Your Spells              Type           Power      Damage    Failure   Level
a - Beastly Appendage     Tmut           12%        N/A       61%         1

Your spell library contained the following spells:

 Spells                   Type           Power      Damage    Failure   Level
 Wereblood                Tmut           6%         N/A       75%         2
 Sting                    Tmut/Pois      12%        1d3       82%         1
 Passwall                 Tmut/Erth      2%         N/A       91%         2
 Foxfire                  Conj/Fire      0%         2x1d4     95%         1
 Freeze                   Ice            0%         1d3       95%         1
 Magic Dart               Conj           0%         1d3       95%         1
 Sandblast                Erth           0%         2d4       95%         1
 Slow                     Hex            0%         N/A       95%         1
 Summon Small Mammal      Summ           0%         N/A       95%         1
 Blink                    Tloc           0%         N/A       99%         2
 Ensorcelled Hibernation  Hex/Ice        0%         N/A       99%         2
 Poisonous Vapours        Pois/Air       0%         N/A       99%         2
 Spider Form              Tmut/Pois      3%         N/A       99%         3
 Call Canine Familiar     Summ           0%         N/A       100%        3
 Confusing Touch          Hex            0%         N/A       100%        3
 Conjure Flame            Conj/Fire      0%         6-21      100%        3
 Dazzling Flash           Conj/Hex       0%         N/A       100%        3
 Inner Flame              Hex/Fire       0%         N/A       100%        3
 Lesser Beckoning         Tloc           0%         N/A       100%        3
 Portal Projectile        Hex/Tloc       0%         N/A       100%        3
 Summon Guardian Golem    Hex/Summ       0%         N/A       100%        3
 Teleport Other           Tloc           0%         N/A       100%        3
 Anguish                  Hex/Necr       0%         N/A       100%        4
 Cause Fear               Hex            0%         N/A       100%        4
 Flame Wave               Conj/Fire      0%         2d4       100%        4
 Iskenderun's Mystic Bla  Conj/Tloc      0%         2d3       100%        4
 Leda's Liquefaction      Hex/Erth       0%         N/A       100%        4
 Olgreb's Toxic Radiance  Pois           0%         N/A       100%        4
 Passage of Golubria      Tloc           0%         N/A       100%        4
 Sticky Flame             Conj/Fire      0%         2d3       100%        4
 Summon Ice Beast         Ice/Summ       0%         N/A       100%        4
 Summon Lightning Spire   Summ/Air       0%         N/A       100%        4
 Agony                    Necr           0%         N/A       100%        5
 Borgnjor's Vile Clutch   Necr/Erth      0%         N/A       100%        5
 Manifold Assault         Tloc           0%         N/A       100%        5
 Silence                  Hex/Air        0%         N/A       100%        5
 Summon Mana Viper        Hex/Summ       0%         N/A       100%        5
 Starburst                Conj/Fire      0%         6d3       100%        6
 Dragon Form              Tmut           3%         N/A       100%        7
 Malign Gateway           Summ/Tloc      0%         N/A       100%        7
 Monstrous Menagerie      Summ           0%         N/A       100%        7
 Storm Form               Tmut/Air       1%         N/A       100%        7
 Ignition                 Fire           0%         3d3       100%        8
 Maxwell's Capacitive Co  Air            0%         ∞         100%        8
 Summon Horrible Things   Summ           0%         N/A       100%        8
 Dragon's Call            Summ           0%         N/A       100%        9


Dungeon Overview and Level Annotations

Branches:
Dungeon (15/15)            Temple (0/1) D:6            Lair (6/6) D:8
 Shoals (2/4) Lair:3       Spider (0/4) Lair:2        Slime (0/5) Lair:5
    Orc (2/2) D:11            Elf (0/3) Orc:2        Vaults (0/5) D:14
 Depths (0/4) D:15        Ossuary (visited)           IceCv (visited)
Gauntlet (visited)

Altars:
Fedhas
Hepliaklqana
Makhleb
Okawaru
Qazlal
Sif Muna
Wu Jian
Xom
Zin
The Shining One
Beogh
Jiyva

Shops:
D:2 *   D:4 :   D:9 !   Orc:2 [*(=

Portals:
Hell: Lair:6

Annotations:
D:15 3 runed translucent doors, Tagedieb's ghost, journeyman NaEn


Innate Abilities, Weirdness & Mutations

You are a tree.
Your roots penetrate the ground, keeping you stationary.
You cannot be teleported.
You are immune to unholy pain and torment.
Your maximum health is greatly increased.
Your equipment is partially melded.
You are immune to sickness and miasma.
((Your stone body is resilient. (AC +12)))
You are immune to poison.
((Your large and strong wings let you fly.))
You resist negative energy. (rN+)
((You are resistant to electric shocks. (rElec)))
You are resistant to unholy torment.
You are immune to petrification.
You are robust. (+10% HP)
((You are covered in fur. (AC +1)))
You passively dampen the noise of your surroundings.


Message History

The merfolk javelineer is moderately wounded.
The merfolk javelineer throws a silver javelin.
The silver javelin pierces through you but does no damage.
The silver sears you!
* * * LOW HITPOINT WARNING * * *
Really quaff the potion of lignification?
You turn into a tree.
Your +1 cloak melds into your body.
The +3 helmet of the Pink Corner {rElec Slay+2} melds into your body.
Your +1 pair of boots melds into your body.
The +3 chain mail of a ziggurat {+Inv Str+4 Stlth+} melds into your body.
Your roots penetrate the ground.
The merfolk javelineer throws a silver javelin.
The silver javelin pierces through you but does no damage.
The silver sears you!
* * * LOW HITPOINT WARNING * * *
You barely miss the merfolk javelineer.
The merfolk javelineer is moderately wounded.
The merfolk javelineer throws a silver javelin.
The silver javelin pierces through you but does no damage.
The silver sears you!
* * * LOW HITPOINT WARNING * * *
You sock the merfolk javelineer!
The merfolk javelineer is heavily wounded.
The merfolk javelineer throws a silver javelin.
The silver javelin pierces through you but does no damage.
The silver sears you!
* * * LOW HITPOINT WARNING * * *
You thump the merfolk javelineer!
The merfolk javelineer is severely wounded.
The merfolk javelineer throws a silver javelin.
The silver javelin pierces through you but does no damage.
The silver sears you!
* * * LOW HITPOINT WARNING * * *
You bludgeon the merfolk javelineer!!
The merfolk javelineer is almost dead.
The merfolk javelineer throws a silver javelin.
The silver javelin pierces through you!!
* * * LOW HITPOINT WARNING * * *
The silver sears you!
You die...

≈≈≈≈≈≈≈≈≈≈≈≈≈≈≈≈≈
≈≈≈≈≈≈≈≈≈≈≈≈≈≈≈≈≈≈≈
≈≈≈≈≈≈≈≈≈≈≈≈≈≈≈≈≈≈≈≈
≈≈≈≈≈≈≈≈≈≈≈≈≈≈≈≈≈≈≈≈≈
≈≈≈≈≈≈≈≈≈≈≈≈≈≈≈≈≈≈≈≈≈
≈≈≈≈≈≈≈≈≈≈≈≈≈≈≈≈≈≈≈≈≈
≈≈≈≈≈≈≈≈.≈)≈≈≈≈≈≈≈≈≈≈
≈≈≈≈≈≈≈<..)).≈≈≈≈≈≈≈≈
≈≈≈≈≈≈≈≈.m♣.)>≈≈≈≈≈≈≈
≈≈≈≈≈≈≈..###..≈≈≈≈≈≈≈
≈≈≈≈≈≈≈.§# #.≈≈≈≈≈≈≈≈
≈≈≈≈≈≈≈.m..m.≈≈≈≈≈≈≈≈
≈≈≈≈≈≈≈.≈≈≈m.≈≈≈≈≈≈≈≈
≈≈≈≈≈≈≈≈≈≈≈≈≈≈≈≈≈≈≈≈≈
≈≈≈≈≈≈≈≈≈≈≈≈≈≈≈≈≈≈≈≈≈
≈≈≈≈≈≈≈YYY≈≈≈≈≈≈≈≈≈≈
≈≈≈≈Y≈≈≈≈≈≈≈≈≈≈≈


You could see a merfolk javelineer.

Vanquished Creatures
  Mlioglotl (Shoals:1)
  Polyphemus (Shoals:2)
  Ilsuiw (Shoals:2)
  A balrug (Abyss:3)
  An orc warlord (Orc:2)
  A deep elf elementalist (Abyss:2)
  A reaper (IceCv)
  A deep elf demonologist (D:13)
  A lorocyproca (Abyss:3)
  A dire elephant (Lair:6)
  A merfolk javelineer (Shoals:1)
  Erolcha (Orc:1)
  Harold (Orc:1)
  A hell beast (Lair:6)
  3 boulder beetles
  12 hydras
  A ghost crab (Gauntlet)
  5 centaur warriors
  2 catoblepae
  3 two-headed ogres
  A merfolk avatar (Shoals:1)
  12 death yaks
  A deep troll earth mage (D:13)
  A tengu warrior (D:14)
  Urug (Lair:2)
  An orc high priest (Orc:2)
  Sonja (Lair:4)
  A soul eater (Gauntlet)
  2 sun demons (Abyss:3)
  2 wretched stars (Abyss:3)
  Nergalle (D:10)
  3 skeletal warriors (D:15)
  A sixfirhy (Abyss:3)
  4 wizards
  3 orc knights
  A harpy (shapeshifter) (D:14)
  8 deep elf pyromancers
  2 necromancers
  5 orc sorcerers
  A shining eye (Abyss:3)
  13 ugly things
  2 cyclopes (D:13)
  A salamander (shapeshifter) (D:14)
  3 large abominations
  4 fauns (Shoals:1)
  A worldbinder (Abyss:3)
  4 manticores
  2 merfolk sirens
  Maurice (D:8)
  5 elephants (Lair:6)
  3 naga magi (D:15)
  A gargoyle (D:12)
  A black mamba (Lair:5)
  2 ice statues (IceCv)
  2 smoke demons (Abyss:3)
  3 orange demons (Lair:6)
  Maggie (D:8)
  3 unseen horrors
  A torpor snail (Lair:6)
  5 kobold demonologists
  9 cane toads
  7 ice devils
  10 komodo dragons
  6 tengu conjurers
  7 rime drakes
  A hellwing (Lair:6)
  An ancient zyme (Abyss:3)
  An entropy weaver simulacrum (IceCv)
  A red devil (Lair:6)
  An efreet (D:14)
  A meliai (Lair:2)
  2 polar bears
  3 merfolk
  A hornet (D:10)
  7 trolls
  14 blink frogs
  3 wind drakes (Shoals:1)
  5 dream sheep (Lair:6)
  13 slime creatures
  2 snapping turtles (Shoals:1)
  A meliai zombie (D:15)
  Sigmund (D:4)
  A shadow (D:12)
  A flying skull (Abyss:3)
  4 basilisks
  2 wyverns
  A golden eye (shapeshifter) (D:14)
  31 yaks
  3 steam dragons
  A death yak simulacrum (IceCv)
  A harpy simulacrum (IceCv)
  3 wargs (D:11)
  2 acid dragons
  13 water moccasins
  4 hell hounds (Lair:6)
  3 hornet zombies
  5 black bears
  An ice beast (D:6)
  3 sky beasts
  A meliai simulacrum (D:14)
  5 necrophages
  24 orc warriors
  15 centaurs
  An elephant zombie (Lair:3)
  4 ogres
  8 wolves (Lair:2)
  A kobold brigand (D:4)
  10 bullfrogs
  A wyvern zombie (Ossuary)
  2 scorpions
  A cane toad simulacrum (IceCv)
  2 two-headed ogre simulacra (IceCv)
  4 small abominations (Gauntlet)
  2 wyvern skeletons (D:6)
  A water moccasin skeleton (D:6)
  3 water moccasin zombies
  A killer bee (shapeshifter) (D:14)
  13 killer bees
  2 elephant simulacra (IceCv)
  2 vampire bats (Orc:1)
  9 wights (D:8)
  6 electric eels
  4 howler monkeys
  6 bullfrog zombies
  8 crimson imps (D:9)
  A basilisk zombie (Lair:3)
  8 centaur zombies
  2 hounds
  13 orc priests
  2 bullfrog skeletons (D:6)
  2 jellies
  Crazy Yiuf (D:2)
  2 centaur skeletons
  20 orc wizards
  2 iguanas
  2 troll simulacra (IceCv)
  A polar bear simulacrum (IceCv)
  A spriggan simulacrum (IceCv)
  4 killer bee zombies
  A wolf simulacrum (IceCv)
  11 mummies (Ossuary)
  2 howler monkey zombies (Ossuary)
  4 adders
  3 naga simulacra (IceCv)
  4 gnolls (D:6)
  7 shadow imps
  17 white imps
  An ufetubus (IceCv)
  4 worms
  2 dart slugs (D:1)
  57 orcs
  12 ball pythons
  5 endoplasms
  A giant cockroach (D:2)
  6 goblins
  5 hobgoblins
  6 jackals
  9 kobolds
  2 quokkas
  12 bats
  2 frilled lizards (D:4)
  3 rats
699 creatures vanquished.

Vanquished Creatures (collateral kills)
  Rupert (Lair:5)
  A death yak (Lair:5)
  A sun demon (Abyss:3)
  2 orc knights (Orc:2)
  2 orc sorcerers (Orc:2)
  2 smoke demons (Abyss:3)
  An ice devil (IceCv)
  An ancient zyme (Abyss:3)
  2 flying skulls (Abyss:3)
  A fire elemental (Abyss:3)
  A chaos spawn (Abyss:3)
  A large abomination (Abyss:3)
  6 orc warriors (Orc:2)
  2 small abominations (Abyss:3)
  An orc wizard (Orc:2)
  An ufetubus (Abyss:3)
  An orc (Orc:2)
27 creatures vanquished.

Vanquished Creatures (others)
  2 merfolk sirens (Shoals:2)
  An ufetubus (IceCv)
  An orc (Orc:1)
  20 fungi
  55 plants
  4 starspawn tentacles (Shoals:1)
  8 withered plants (Ossuary)
91 creatures vanquished.

Grand Total: 817 creatures vanquished

Notes
Turn   | Place    | Note
-------+----------+-------------------------------------------
     0 | D:1      | Ijustatesigmund the Gargoyle Fighter began the quest for
                  | the Orb.
     0 | D:1      | Reached XP level 1. HP: 14/14 MP: 1/1
    48 | D:1      | Reached XP level 2. HP: 16/19 MP: 2/2
   648 | D:1      | Reached XP level 3. HP: 22/24 MP: 3/3
   688 | D:1      | Reached skill level 4 in Fighting
   811 | D:1      | Found a faded altar of an unknown god.
   840 | D:2      | Found Hykoom's General Store.
   903 | D:2      | Bought a scroll of identify for 22 gold pieces
  1106 | D:2      | Reached XP level 4. HP: 26/30 MP: 4/4
  1626 | D:2      | Found a runed translucent door.
  1627 | D:2      | Noticed Crazy Yiuf
  1679 | D:2      | Killed Crazy Yiuf
  1680 | D:2      | Reached skill level 5 in Fighting
  1680 | D:2      | Reached XP level 5. HP: 24/35 MP: 5/5
  2901 | D:3      | Noticed a black bear
  2911 | D:3      | Killed a black bear
  2912 | D:3      | Reached XP level 6. HP: 27/41 MP: 6/6
  3349 | D:4      | Noticed Sigmund
  3370 | D:4      | Killed Sigmund
  3371 | D:4      | Reached skill level 6 in Fighting
  3371 | D:4      | Reached skill level 5 in Maces & Flails
  3371 | D:4      | Reached XP level 7. HP: 38/47 MP: 7/7
  3626 | D:4      | Found Piuckuh's Book Emporium.
  3763 | D:4      | Reached skill level 7 in Fighting
  3849 | D:4      | Found a glowing silver altar of Zin.
  3997 | D:5      | Entered Level 5 of the Dungeon
  4158 | D:5      | Reached XP level 8. HP: 42/53 MP: 8/8
  4865 | D:6      | Reached skill level 8 in Fighting
  4865 | D:6      | Reached skill level 1 in Evocations
  4993 | D:6      | Found a stormy altar of Qazlal.
  5339 | D:6      | Reached XP level 9. HP: 47/60 MP: 9/9
  5461 | D:6      | Found a staircase to the Ecumenical Temple.
  5637 | D:7      | Reached skill level 9 in Fighting
  5678 | D:7      | Found a glowing golden altar of the Shining One.
  5787 | D:7      | Found a sand-covered staircase.
  5796 | Ossuary  | Entered an ossuary
  5922 | Ossuary  | Reached skill level 5 in Shields
  6162 | Ossuary  | Reached skill level 1 in Dodging
  6416 | Ossuary  | Reached skill level 10 in Fighting
  6416 | Ossuary  | Reached XP level 10. HP: 66/68 MP: 10/10
  6525 | D:7      | Became a worshipper of the Shining One
  6593 | D:7      | Found an ornate altar of the Wu Jian Council.
  6593 | D:7      | Found a hazy altar of Hepliaklqana.
  6593 | D:7      | Found a shimmering altar of Xom.
  6747 | D:8      | Noticed a boulder beetle
  7203 | D:9      | Noticed a two-headed ogre
  7209 | D:9      | Killed a two-headed ogre
  7210 | D:9      | Reached skill level 1 in Invocations
  7260 | D:9      | Found Vuhig's Distillery.
  7263 | D:9      | Bought a potion of haste for 100 gold pieces
  7263 | D:9      | Bought 2 potions of mutation for 160 gold pieces
  7263 | D:9      | Gained mutation: You are frail. (-10% HP) [potion of
                  | mutation]
  7263 | D:9      | Gained mutation: Your body sometimes deteriorates upon
                  | taking damage. [potion of mutation]
  7263 | D:9      | Gained mutation: Your mind is acute. (Int +2) [potion of
                  | mutation]
  7264 | D:9      | Lost mutation: You are frail. (-10% HP) [potion of
                  | mutation]
  7264 | D:9      | Lost mutation: Your body sometimes deteriorates upon taking
                  | damage. [potion of mutation]
  7264 | D:9      | Lost mutation: Your mind is acute. (Int +2) [potion of
                  | mutation]
  7264 | D:9      | Gained mutation: You passively dampen the noise of your
                  | surroundings. [potion of mutation]
  7264 | D:9      | Gained mutation: You have hidden genetic potential. [potion
                  | of mutation]
  7264 | D:9      | Gained mutation: You are robust. (+10% HP) [potion of
                  | mutation]
  7400 | D:9      | Reached * piety under the Shining One
  7655 | D:9      | Learned a level 1 spell: Beastly Appendage
  7964 | D:10     | Entered Level 10 of the Dungeon
  8027 | D:10     | Reached skill level 10 in Maces & Flails
  8027 | D:10     | Reached skill level 1 in Transmutations
  8321 | D:10     | Noticed Nergalle
  8332 | D:10     | Killed Nergalle
  8820 | D:10     | Noticed a kobold demonologist
  8823 | D:10     | Reached skill level 11 in Fighting
  8823 | D:10     | Reached XP level 11. HP: 80/81 MP: 14/14
  9010 | D:11     | Noticed a manticore
  9017 | D:11     | Killed a manticore
  9175 | D:11     | Noticed a deep elf pyromancer
  9358 | D:11     | Killed a deep elf pyromancer
  9374 | D:11     | Gained mutation: You are covered in fur. (AC +1) [hidden
                  | potential]
 10067 | D:11     | Reached skill level 5 in Invocations
 10093 | D:11     | Found a staircase to the Orcish Mines.
 10752 | D:8      | Killed a boulder beetle
 10862 | D:8      | Found a staircase to the Lair.
 11008 | D:8      | Reached ** piety under the Shining One
 11521 | D:8      | Noticed Maggie
 11536 | D:8      | Killed Maggie
 11724 | D:8      | Noticed Maurice
 11729 | D:8      | Killed Maurice
 11730 | D:8      | Reached skill level 12 in Fighting
 12141 | D:6      | Reached XP level 12. HP: 89/89 MP: 16/16
 12470 | D:12     | Reached *** piety under the Shining One
 12886 | D:12     | Gained mutation: You possess an exceptional clarity of
                  | mind. [hidden potential]
 12886 | D:12     | Lost mutation: You have hidden genetic potential. [hidden
                  | potential expressed]
 13259 | D:12     | Noticed a boulder beetle
 13937 | D:12     | Killed a boulder beetle
 13938 | D:12     | Reached skill level 5 in Armour
 14233 | D:12     | Noticed a two-headed ogre
 14241 | D:12     | Killed a two-headed ogre
 14524 | D:13     | Found a gate leading to a gauntlet.
 14533 | Gauntlet | Entered a Gauntlet
 14533 | Gauntlet | Found a transporter.
 14534 | Gauntlet | Noticed a soul eater
 14544 | Gauntlet | Found a transporter.
 14545 | Gauntlet | Found a transporter.
 14757 | Gauntlet | Found a transporter.
 14777 | Gauntlet | Killed a soul eater
 14783 | Gauntlet | Identified the +3 helmet of the Pink Corner {rElec Slay+2}
 14820 | Gauntlet | Noticed a ghost crab
 14820 | Gauntlet | Found a transporter.
 14820 | Gauntlet | Found a transporter.
 14820 | Gauntlet | Found a transporter.
 14871 | Gauntlet | Found a transporter.
 14877 | Gauntlet | Killed a ghost crab
 14889 | Gauntlet | Identified the ring "Jattaoto" {rPois EV+4 Slay+2}
 14918 | Gauntlet | Identified the +6 spear "Wijes" {freeze, *Corrode rPois
                  | Int+5}
 14918 | Gauntlet | Noticed a minotaur
 14921 | Gauntlet | Identified the +5 hand axe "Natur" {vorpal, rN+ Int+4 Dex+4
                  | SInv}
 15170 | D:13     | Noticed a centaur warrior
 15181 | D:13     | Killed a centaur warrior
 15293 | D:13     | Noticed a five-headed hydra
 15302 | D:13     | Killed a five-headed hydra
 15369 | D:13     | Noticed a centaur warrior
 15379 | D:13     | Killed a centaur warrior
 15716 | D:13     | Noticed a four-headed hydra
 15726 | D:13     | Killed a four-headed hydra
 15727 | D:13     | Reached skill level 13 in Fighting
 15845 | D:13     | Reached XP level 13. HP: 96/96 MP: 19/19
 16238 | D:13     | Reached **** piety under the Shining One
 16274 | D:13     | Got the Almanac of Terror
 16285 | D:13     | Found a shimmering blue altar of Sif Muna.
 16629 | Lair:1   | Entered Level 1 of the Lair of Beasts
 16630 | Lair:1   | Found a frozen archway.
 16666 | IceCv    | Entered an ice cave
 16720 | IceCv    | Reached ***** piety under the Shining One
 17749 | IceCv    | Noticed a reaper
 17781 | IceCv    | Killed a reaper
 18098 | Lair:1   | Reached skill level 15 in Maces & Flails
 18477 | Lair:2   | Found a hole to the Spider Nest.
 18875 | Lair:2   | Noticed Urug
 18883 | Lair:2   | Killed Urug
 19312 | Lair:3   | Gained mutation: Your large and strong wings let you fly.
                  | [Gargoyle growth]
 19312 | Lair:3   | Reached XP level 14. HP: 96/104 MP: 21/21
 19373 | Lair:3   | Reached skill level 10 in Invocations
 19496 | Lair:3   | Reached skill level 14 in Fighting
 19930 | Lair:3   | Found a staircase to the Shoals.
 20579 | Lair:3   | Identified the +1 helmet of Slovenliness {rF+ rC+++ rN+
                  | Dex-2}
 20953 | Lair:4   | Noticed Sonja
 20964 | Lair:4   | Killed Sonja
 21780 | Lair:5   | Found a staircase to the Slime Pits.
 21781 | Lair:5   | Found a viscous altar of Jiyva.
 21991 | Lair:5   | Reached skill level 15 in Fighting
 22280 | Lair:5   | You are sucked into a shaft and drop 1 floor!
 22280 | Lair:6   | Entered Level 6 of the Lair of Beasts
 22349 | Lair:6   | Noticed a dire elephant
 22367 | Lair:6   | Killed a dire elephant
 23866 | Lair:6   | Reached XP level 15. HP: 109/114 MP: 23/23
 23956 | Lair:6   | Noticed Rupert
 24004 | Lair:5   | Reached skill level 16 in Fighting
 24086 | Lair:5   | Killed Rupert
 24174 | Lair:6   | Reached skill level 5 in Dodging
 24843 | Lair:6   | Found a burning altar of Makhleb.
 24880 | Lair:6   | Found a gateway to Hell.
 25412 | Orc:1    | Entered Level 1 of the Orcish Mines
 25427 | Orc:1    | Paralysed by an orc sorcerer for 6 turns
 25823 | Orc:1    | Noticed Erolcha
 25824 | Orc:1    | Noticed Harold
 25833 | Orc:1    | Killed Erolcha
 25840 | Orc:1    | Killed Harold
 26229 | Orc:2    | Entered Level 2 of the Orcish Mines
 26375 | Orc:2    | Found a staircase to the Elven Halls.
 26643 | Orc:2    | Paralysed by an orc sorcerer for 2 turns
 26666 | Orc:2    | Noticed an orc warlord
 27109 | Orc:2    | Found Saov's Jewellery Emporium.
 27122 | Orc:2    | Found Urempa's Antique Armour Emporium.
 27130 | Orc:2    | Cast into level 3 of the Abyss (orc warlord)
 27194 | Abyss:3  | Noticed a balrug
 27218 | Abyss:3  | Killed a balrug
 27221 | Abyss:3  | Lost mutation: You possess an exceptional clarity of mind.
                  | [a shining eye]
 27251 | Orc:2    | Escaped the Abyss
 27567 | Orc:2    | Killed an orc warlord
 27719 | Orc:2    | Bought an amulet of regeneration for 510 gold pieces
 27741 | Orc:2    | Bought a steaming chain mail for 228 gold pieces
 27741 | Orc:2    | Identified the +3 chain mail of a ziggurat {+Inv Str+4
                  | Stlth+} (You bought it in a shop on level 2 of the Orcish
                  | Mines)
 27765 | Orc:2    | Found Eleqat's Antique Weapon Emporium.
 27972 | Orc:2    | Found Acridud's General Store.
 28289 | D:13     | Found a blossoming altar of Fedhas.
 28511 | D:13     | Noticed a Brimstone Fiend
 28515 | D:13     | Noticed an Executioner
 28536 | D:13     | Got Erphaw's Reference Book on Snow and the Compass
 28538 | D:13     | Got the Catalogue of the Rocks and Companions
 28553 | D:13     | Got the Grimoire of the Tired Ziggurats
 28587 | D:13     | Identified the ring of Elear {rF+ Will+ rCorr MP+9}
 28590 | D:13     | Got the Volume of Enthralling Ignition
 28592 | D:13     | Got the Compendium of Confrontation
 28772 | D:14     | Found a portal to a secret trove of treasure.
 28781 | Trove    | Entered a treasure trove
 28783 | Trove    | Found the amulet of the Air {Inacc Air Fly rElec RMsl}
 28785 | Trove    | Identified the amulet of Spite {Acrobat Harm rPois Int+4}
 28787 | Trove    | Identified the ring "Lynewn" {rCorr Int+3 Dex+4}
 28795 | Trove    | Identified the ring of Pahoamux {Fire Int+2}
 28809 | Trove    | Identified the ring "Akoim" {Fly rC- rN++ rCorr Str-4
                  | Int+6}
 28814 | Trove    | Identified the amulet "Letuniyr" {Faith Dex+3}
 28823 | Trove    | Identified the ring "Daucas" {*Slow rC+ AC+4 Int+4}
 28825 | Trove    | Identified the ring of the Scarab {rF+ rN++ Dex+4}
 28827 | Trove    | Identified the amulet of Xyluudei {Reflect rF+ Str+2 SH+5}
 29051 | D:14     | Reached skill level 17 in Fighting
 29146 | D:14     | Found a gate to the Vaults.
 29174 | D:14     | Reached XP level 16. HP: 123/123 MP: 26/26
 29545 | D:14     | Cast into level 2 of the Abyss (a wizard)
 29610 | D:14     | Escaped the Abyss
 29771 | D:15     | Entered Level 15 of the Dungeon
 30230 | D:15     | Found a runed translucent gate.
 30230 | D:15     | Found a runed translucent gate.
 30230 | D:15     | Found a runed translucent gate.
 30231 | D:15     | Found an iron altar of Okawaru.
 30231 | D:15     | Noticed Tagedieb's ghost (journeyman NaEn)
 30330 | D:15     | Found a staircase to the Depths.
 30705 | Shoals:1 | Entered Level 1 of the Shoals
 30705 | Shoals:1 | Noticed Mlioglotl
 30714 | Shoals:1 | Noticed a tentacled starspawn
 30728 | Shoals:1 | Paralysed by accursed screaming for 1 turns
 30729 | Shoals:1 | Killed Mlioglotl
 31785 | Shoals:2 | Noticed Ilsuiw
 31798 | Shoals:2 | Noticed Polyphemus
 32138 | Shoals:2 | Killed Ilsuiw
 32143 | Shoals:2 | Killed Polyphemus
 32151 | Shoals:2 | HP: 6/123 [merfolk javelineer/silver javelin (9)]
 32165 | Shoals:2 | HP: 6/184 [merfolk javelineer/silver javelin (18)]
 32165 | Shoals:2 | Hit by a silver javelin thrown by a merfolk javelineer

Illustrated notes

Levels and vault maps discovered:
D:1:      minmay_arrival_open_corners, layout_basic,
          shapermc_ecumenical_altar_petra
D:2:      layout_rooms, serial_shops, nicolae_shop_window_shopping,
          uniq_crazy_yiuf_cottage
D:3:      layout_loops_ring, serial_co_window_serial, co_window_corner_a,
          co_window_paths_a, co_window_paths_a, co_window_paths_b,
          co_window_paths_a, co_window_corner_a, co_window_paths_a,
          co_window_paths_b, co_window_corner_a, co_window_broadway_a,
          co_window_2corner, co_window_unsneaky_path_c, co_window_4corner_a,
          co_window_paths_e, glass_columns_a, glass_columns_a, glass_columns_c
D:4:      layout_rooms, zin_academy, serial_glass, glass_columns_c,
          glass_columns_a, serial_shops, shop, lexackson_kobold_supper,
          uniq_sigmund
D:5:      layout_cave_pools, hangedman_abyss_or_decor_stagger
D:6:      layout_rooms, mainiacjoe_overflow_brackets,
          minmay_temple_entry_overgrown, serial_undead, serial_undead_e,
          serial_undead_c, serial_undead_f, serial_undead_a, serial_undead_d,
          serial_undead_d
D:7:      layout_rooms, gammafunk_temple_overflow_claw,
          mainiacjoe_overflow_concentric_impassable,
          lightli_ossuary_entry_decrepit_ruins
D:8:      layout_basic, david_lair_generic, grunt_tough_drop, uniq_maggie,
          uniq_maurice
D:9:      layout_basic, serial_shops, kennysheep_mini_moat, minmay_nine_imps
D:10:     layout_small_grid, lemuel_old_faithful, uniq_nergalle
D:11:     layout_basic, minmay_orc_entry_guard_dogs, st_stairs_10
D:12:     layout_basic
D:13:     evilmike_library_of_no_secrets, layout_basic, gauntlet_entry_generic,
          dk_noncrumbling_3, fedhas_altar_1
D:14:     layout_gridville, david_vaults_2, minivault_25, enter_trove_2
D:15:     grunt_enter_depths_magical_seal, layout_rooms,
          minmay_misc_feat_hallway, gammafunk_ghost_fury_of_okawaru
Lair:1:   layout_roguey, enter_volcano_4, portal_ice_cave_entry_imps
Lair:2:   layout_gridlike, hellmonk_spider_entry_not_the_bees, serial_bayou,
          serial_bayou_pond_c, serial_bayou_lagoon_b, serial_bayou_pond_e,
          serial_bayou_lake_a, serial_bayou_pond_d, serial_bayou_pond_b,
          uniq_urug
Lair:3:   pond_and_an_island_with_a_cottage, layout_chaotic_city,
          minmay_shoals_entry_centaurs, chequers_serial_rivers_micro_c,
          serial_bayou_shore_b
Lair:4:   layout_gridlike, uniq_sonja
Lair:5:   layout_cave_pods, slime_altar_1, nicolae_lair_grove_arrangements,
          serial_bayou_pond_c, grunt_megastairs_2, serial_bayou_shore_b,
          serial_bayou_shore_b, infiniplex_staircase_pool
Lair:6:   evil_forest, layout_cave_pods, grunt_megastairs_5,
          infiniplex_staircase_pool_2, uniq_rupert
Shoals:1: layout_shoals, uniq_mlioglotl
Shoals:2: layout_shoals, uniq_ilsuiw, uniq_polyphemus, uniq_jorgrun
Orc:1:    layout_caves, roderic_batcave, uniq_harold, uniq_erolcha
Orc:2:    grunt_orc_cross, layout_caves

Skill      XL: |  1  2  3  4  5  6  7  8  9 10 11 12 13 14 15 16 |
---------------+-------------------------------------------------+-----
Fighting       | 4 5 6 7 8 10 11 12 13 15 17 | 17.4
Maces & Flails | 3 4 5 6 7 8 10 12 14 15 16 | 16.2
Evocations     | 2 4 |  4.5
Armour         | 4 6 7 |  7.9
Shields        | 5 6 7 8 |  8.9
Dodging        | 1 2 4 5 |  5.6
Invocations    | 4 6 8 9 11 13 14 | 14.7
Transmutations | 2 3 |  3.0

Action                   |  1- 3 |  4- 6 |  7- 9 | 10-12 | 13-15 | 16-18 || total
-------------------------+-------+-------+-------+-------+-------+-------++-------
Melee: Flail             |    42 |       |   257 |   759 |  1358 |   405 ||  2821
       Mace              |    54 |   111 |   250 |       |       |       ||   415
       Kick              |       |       |       |    20 |       |       ||    20
       Headbutt          |       |       |       |     9 |       |       ||     9
Throw: Throwing net      |       |       |     1 |     1 |       |       ||     2
 Cast: Beastly Appendage |       |       |       |     3 |       |       ||     3
Invok: Divine Shield     |       |       |       |     8 |    17 |     3 ||    28
       Cleansing Flame   |       |       |       |     2 |    14 |       ||    16
       Summon Divine War |       |       |       |       |     5 |       ||     5
Evoke: Wand              |       |       |     2 |    29 |    12 |     2 ||    45
  Use: Scroll            |       |    11 |     7 |    14 |     6 |     5 ||    43
       Potion            |       |     2 |       |    13 |    12 |     7 ||    34
 Stab: Invisible         |       |     1 |       |       |       |       ||     1
Armor: Scale mail        |    60 |    66 |       |       |       |       ||   126
       Ring mail         |       |       |   398 |   463 |   646 |       ||  1507
       Chain mail        |       |       |       |       |    86 |   283 ||   369
       Skin              |       |       |       |       |       |     4 ||     4
Dodge: Dodged            |    49 |    46 |   244 |   402 |   602 |   146 ||  1489
Block: Buckler           |    24 |    14 |   112 |   219 |    79 |       ||   448
       Tower shield      |       |       |       |       |  1325 |   476 ||  1801
       Reflection        |       |       |       |       |       |     1 ||     1

Table legend: (Time is in decaauts)
 A = Elapsed time spent in this place.
 B = Non-inter-level travel time spent in this place.
 C = Inter-level travel time spent in this place.
 D = Time resting spent in this place.
 E = Time spent auto-exploring this place.
 F = Levels seen in this place.
 G = Mean time per level.
                   A        B        C        D        E       F      G
               +--------+--------+--------+--------+--------+-----+--------+
         Total |  32192 |  30687 |   1505 |   7243 |  17258 |  31 | 1038.5 |
       Dungeon |  17979 |  16852 |   1127 |   3325 |  10537 |  15 | 1198.6 |
          Lair |   7625 |   7355 |    270 |   1289 |   4642 |   6 | 1270.8 |
        Shoals |   1461 |   1431 |     30 |    368 |    715 |   2 |  730.5 |
  Orcish Mines |   2630 |   2552 |     78 |    975 |   1077 |   2 | 1315.0 |
         Abyss |    173 |    173 |      0 |     39 |     39 |   2 |   86.5 |
         Trove |     56 |     56 |      0 |      0 |      0 |   1 |   56.0 |
       Ossuary |    700 |    700 |      0 |    194 |    236 |   1 |  700.0 |
      Ice Cave |   1182 |   1182 |      0 |    849 |     11 |   1 | 1182.0 |
      Gauntlet |    382 |    382 |      0 |    203 |      0 |   1 |  382.0 |
               +--------+--------+--------+--------+--------+-----+--------+

Top non-repeatable levels by time:
    D:11: 2271 daAuts
    D:13: 2196 daAuts
  Lair:6: 1967 daAuts
    D:12: 1552 daAuts
  Lair:5: 1545 daAuts
     D:8: 1446 daAuts
     D:3: 1435 daAuts
   Orc:1: 1414 daAuts
  Lair:3: 1273 daAuts
Shoals:1: 1269 daAuts
   Orc:2: 1216 daAuts
   IceCv: 1182 daAuts
  Lair:2: 1178 daAuts
    D:10: 1166 daAuts
  Lair:4: 1052 daAuts
